 Dungeon Crawl Stone Soup version 0.23.0-3-gf3c87f2 (webtiles) character file.

Game seed: 12682696295146064831

728 wolfsongas the Grave Robber (level 7, -1/48 HPs)
             Began as a Demonspawn Necromancer on Feb 23, 2019.
             Killed from afar by an orc wizard (6 damage)
             ... with a magic dart
             ... on level 5 of the Dungeon.
             The game lasted 00:18:03 (5493 turns).

wolfsongas the Grave Robber (DsNe)                  Turns: 5493, Time: 00:18:03

Health: -1/48      AC:  8    Str: 14    XL:     7   Next: 44%
Magic:  0/14       EV: 12    Int: 17    God:
Gold:   165        SH:  3    Dex: 14    Spells: 9/15 levels left

rFire    + . .     SeeInvis .   h - +1 short sword (venom)
rCold    + . .     Gourm    .   d - +0 buckler
rNeg     . . .     Faith    .   a - +0 robe
rPois    .         Spirit   +   f - +1 helmet
rElec    .         Reflect  .   i - scarf {rC+ rF+}
rCorr    .         Harm     .   (no gloves)
MR       +....                  l - +1 pair of boots
Stlth    ++........             (no amulet)
HPRegen  0.16/turn              b - ring of protection from magic
MPRegen  0.14/turn              k - +3 ring of slaying

@: mighty
A: claws 1, molten scales 1, magic shield, rot immunity
a: no special abilities


You were on level 5 of the Dungeon.
You were near starving.

You visited 1 branch of the dungeon, and saw 5 of its levels.

You collected 165 gold pieces.

Inventory:

Hand Weapons
 h - a +1 short sword of venom (weapon)
Armour
 a - a +0 robe (worn)
 d - a +0 buckler (worn)
 f - a +1 helmet (worn)
 i - a scarf of resistance (worn)
 l - a +1 pair of boots (worn)
Jewellery
 b - a ring of protection from magic (left claw)
 k - a +3 ring of slaying (right claw)
Potions
 e - a potion of resistance
 g - a potion of cancellation
 j - a potion of flight
 m - 2 potions of curing


   Skills:
 - Level 1.2 Fighting
 - Level 1.2 Short Blades
 - Level 2.6 Dodging
 - Level 1.7 Stealth
 - Level 0.1 Unarmed Combat
 + Level 4.8 Spellcasting
 * Level 7.7 Necromancy


You had 9 spell levels left.
You knew the following spells:

 Your Spells              Type           Power        Failure   Level  Hunger
a - Pain                  Necr           ####         1%          1    None
b - Animate Skeleton      Necr           N/A          1%          1    None
c - Animate Dead          Necr           N/A          10%         4    ####...

Your spell library contained the following spells:

 Spells                   Type           Power        Failure   Level  Hunger
 Vampiric Draining        Necr           ####......   3%          3    ###....
 Regeneration             Chrm/Necr      ###.......   14%         3    ###....
 Ice Form                 Ice/Tmut       #.......     94%         4    ####...
 Metabolic Englaciation   Hex/Ice        #.........   100%        5    ######.
 Bolt of Cold             Conj/Ice       #.........   100%        6    #######
 Freezing Cloud           Conj/Ice/Air   #.........   100%        6    #######
 Ozocubu's Refrigeration  Ice            #.........   100%        6    #######
 Simulacrum               Ice/Necr       ###.......   100%        6    #######


Dungeon Overview and Level Annotations

Branches:
Dungeon (5/15)
 Temple: D:4-7

Altars:
Ashenzari
Hepliaklqana
Qazlal
Xom

Shops:
D:4 ?


Innate Abilities, Weirdness & Mutations

You have sharp fingernails.
You are partially covered in molten scales. (AC +2)
When hurt, damage is shared between your health and your magic reserves.
You are immune to rotting.


Message History

An ogre comes into view. It is wielding a +0 giant club.
You are near starving!
The worker ant twitches its antennae in your direction.
You block the worker ant's attack. The worker ant closely misses you.
You block the worker ant's attack. The worker ant closely misses you.
The ogre hits you with a +0 giant club!
As you read the scroll of identify, it crumbles to dust.
e - a potion of resistance The orc priest shouts!
The orc wizard gestures at you while chanting.
The magic dart hits you.
* * * LOW HITPOINT WARNING * * *
The worker ant barely misses you. The ogre hits you with a +0 giant club!
* * * LOW HITPOINT WARNING * * *
You feel very mighty all of a sudden.
The worker ant bites you but does no damage.
The orc wizard points at you and mumbles some strange words.
The magic dart hits you.
You die...

.. o# .# o.
.######.# . .#...#O#
. #. ....#.#
...##.###...#.#
....o...a...#.#
#.@O..>#.#
.......##...#.######
...#### ##....(....#
# #.........#
#.#.......#
####.........#
.............#
.###.##.#....#
.............#


You could see an ogre, a worker ant, an orc priest, an orc wizard and an orc.

Vanquished Creatures
  A phantom (D:4)
  A centaur (D:5)
  A scorpion (D:4)
  3 jellies
  Crazy Yiuf (D:3)
  4 orc wizards
  A worker ant (D:4)
  A hound skeleton (D:4)
  8 adders
  10 oozes
  4 worms
  2 adder skeletons (D:4)
  2 dart slugs (D:1)
  3 leopard geckos
  20 orcs
  6 bats
  4 giant cockroaches
  14 goblins
  2 hobgoblins
  4 jackals (D:3)
  A quokka (D:2)
  6 frilled lizards
  8 kobolds
  2 leopard gecko skeletons (D:4)
  9 rats
118 creatures vanquished.

Vanquished Creatures (collateral kills)
  A giant cockroach (D:1)
  A goblin (D:2)
  A ball python (D:1)
  A frilled lizard (D:1)
  2 kobolds (D:2)
  2 rats (D:1)
8 creatures vanquished.

Vanquished Creatures (others)
  5 fungi (D:2)
  7 toadstools (D:2)
12 creatures vanquished.

Grand Total: 138 creatures vanquished

Notes
Turn   | Place    | Note
-------+----------+-------------------------------------------
     0 | D:1      | wolfsongas the Demonspawn Necromancer began the quest for
                  | the Orb.
     0 | D:1      | Reached XP level 1. HP: 13/13 MP: 3/3
    27 | D:1      | Learned a level 1 spell: Animate Skeleton
   135 | D:1      | Gained mutation: You are partially covered in molten
                  | scales. (AC +2) [demonic ancestry]
   135 | D:1      | Reached XP level 2. HP: 18/19 MP: 1/5
   800 | D:1      | Reached XP level 3. HP: 8/24 MP: 6/6
   822 | D:1      | Reached skill level 5 in Necromancy
  1248 | D:1      | Found a shattered altar of Ashenzari.
  1998 | D:2      | Gained mutation: When hurt, damage is shared between your
                  | health and your magic reserves. [demonic ancestry]
  1998 | D:2      | Reached XP level 4. HP: 27/30 MP: 3/8
  2050 | D:2      | Found a stormy altar of Qazlal.
  2680 | D:2      | Gained mutation: You have sharp fingernails. [demonic
                  | ancestry]
  2680 | D:2      | Reached XP level 5. HP: 12/36 MP: 9/9
  2827 | D:2      | Reached skill level 1 in Short Blades
  3073 | D:2      | Reached skill level 1 in Fighting
  3228 | D:2      | Reached skill level 6 in Necromancy
  3306 | D:2      | Noticed an orc warrior
  3341 | D:2      | Learned a level 4 spell: Animate Dead
  3385 | D:3      | Gained mutation: You are immune to rotting. [demonic
                  | ancestry]
  3385 | D:3      | Reached XP level 6. HP: 13/43 MP: 1/11
  3883 | D:3      | Found a hazy altar of Hepliaklqana.
  4232 | D:3      | Found a runed translucent door.
  4233 | D:3      | Noticed Crazy Yiuf
  4244 | D:3      | Killed Crazy Yiuf
  4573 | D:4      | Reached skill level 7 in Necromancy
  4669 | D:4      | Found a shimmering altar of Xom.
  4716 | D:4      | Reached XP level 7. HP: 22/48 MP: 7/13
  4900 | D:4      | Found a shimmering altar of Xom.
  4900 | D:4      | Found a shimmering altar of Xom.
  4900 | D:4      | Found a shimmering altar of Xom.
  4900 | D:4      | Found a shimmering altar of Xom.
  5028 | D:4      | Found Heroq's Magic Scroll Emporium.
  5361 | D:5      | Entered Level 5 of the Dungeon
  5493 | D:5      | Killed from afar by an orc wizard

Skill      XL: |  1  2  3  4  5  6 |
---------------+-------------------+-----
Dodging        | 2 |  2.6
Necromancy     | 5 6 7 |  7.7
Spellcasting   | 3 4 |  4.8
Short Blades   | 1 |  1.2
Fighting       | 1 |  1.2
Stealth        | |  1.7
Unarmed Combat | |  0.1

Action                   |  1- 3 |  4- 6 |  7- 9 || total
-------------------------+-------+-------+-------++-------
Melee: Unarmed           |    10 |       |       ||    10
       Club              |   101 |       |       ||   101
       Short sword       |    15 |   193 |    38 ||   246
 Cast: Pain              |    34 |    64 |     4 ||   102
       Animate Skeleton  |     8 |     6 |       ||    14
       Animate Dead      |       |       |     2 ||     2
  Use: Scroll            |     2 |     3 |     2 ||     7
       Potion            |     1 |     1 |     1 ||     3
 Stab: Sleeping          |     1 |     3 |       ||     4
  Eat: Chunk             |     1 |     2 |     1 ||     4
       Ration            |     1 |     2 |       ||     3
Armor: Robe              |    50 |    46 |     9 ||   105
Dodge: Dodged            |   110 |    97 |    16 ||   223
Block: Buckler           |    29 |    28 |    11 ||    68
